Lightning vs Predators

Created - January 24 2008 at 18:55

Goals
1 2 3 T
Lightning 0 0 0 0
Predators 0 1 0 1
Shots
1 2 3 T
Lightning 2 4 7 13
Predators 4 7 10 21

Period #1

No Goal

Penalties :
Antti Laaksonen (TBL) for Hooking (Minor) at 0:14, Jeff Carter (NSH) for Tripping (Minor) at 0:42, Chris Phillips (TBL) for Tripping (Minor) at 0:42, Derek Morris (NSH) for Tripping (Minor) at 2:08, Tomas Kaberle (NSH) for Interference (Minor) at 4:28, Ruslan Fedotenko (TBL) for Boarding (Minor) at 9:03, Paul Kariya (NSH) for High sticking (Minor) at 17:09, Cory Sarich (TBL) for Interference (Minor) at 19:58

Period #2

1. Predators , Scott Hartnell 20 (Steve Sullivan, Martin Erat) at 11:56 (PP)

Penalties :
Ruslan Fedotenko (TBL) for Roughing (Minor) at 1:05, Alexandre Burrows (NSH) for Fighting (Major) at 6:44, Nolan Pratt (TBL) for Fighting (Major) at 6:44, Nolan Pratt (TBL) for Fighting (Major) at 6:44, Mats Sundin (TBL) for Holding (Minor) at 11:00, Zbynek Michalek (NSH) for Hooking (Minor) at 13:34

Period #3

No Goal

Penalties :
Willie Mitchell (TBL) for Tripping (Minor) at 0:23, Zbynek Michalek (NSH) for Hooking (Minor) at 12:40, Shea Weber (NSH) for Tripping (Minor) at 18:23

Goalie Stats

Martin Gerber (TBL), 20 saves from 21 shots - (0.952), L, 24-19-6, 59:00 minutes
Tomas Vokoun (NSH), 13 saves from 13 shots - (1.000), W, 26-17-4, 60:00 minutes

Players Stats

Lightning
Player Name              G  A  P  +/- PIM S  H  SB FO MP 
-----------------------------------------------------------
Antti Laaksonen          0  0  0   0  2   1  1  0  24 23 
Carlo Colaiacovo         0  0  0   0  0   1  0  2  0  20 
Chris Phillips           0  0  0   0  2   1  0  0  0  24 
Cory Sarich              0  0  0   0  2   0  1  2  0  22 
Dimitry Afanasenkov      0  0  0   0  0   1  0  0  1  11 
Eric Brewer              0  0  0   0  0   0  0  0  0  0  
Eric Lindros             0  0  0   0  0   0  1  0  0  6  
Jaromir Jagr             0  0  0   0  0   2  0  0  14 24 
Jason Blake              0  0  0   0  0   1  1  0  3  22 
Jay Pandolfo             0  0  0   0  0   0  1  1  1  18 
Mats Sundin              0  0  0   0  2   0  2  0  15 20 
Nolan Pratt              0  0  0   0  15  0  0  0  0  10 
Pierre Turgeon           0  0  0   0  0   0  1  0  11 15 
Ruslan Fedotenko         0  0  0   0  4   1  1  0  0  14 
Tim Taylor               0  0  0   0  0   2  1  0  1  19 
Tom Poti                 0  0  0   0  0   1  1  0  0  22 
Vaclav Prospal           0  0  0   0  0   2  0  0  0  15 
Willie Mitchell          0  0  0   0  2   0  0  0  0  19 
Predators
Player Name              G  A  P  +/- PIM S  H  SB FO MP 
-----------------------------------------------------------
Alexandre Burrows        0  0  0   0  5   2  1  0  3  11 
Brad Boyes               0  0  0   0  0   0  2  0  4  19 
Braydon Coburn           0  0  0   0  0   0  1  0  0  14 
David Legwand            0  0  0   0  0   3  1  1  22 18 
Derek Morris             0  0  0   0  2   0  1  0  0  23 
Jeff Carter              0  0  0   0  2   0  0  0  12 12 
Martin Erat              0  1  1   0  0   3  0  0  0  23 
Paul Kariya              0  0  0   0  2   2  1  0  0  20 
Ryan Suter               0  0  0   0  0   2  0  0  0  17 
Scott Hartnell           1  0  1   0  0   3  3  0  2  18 
Scottie Upshall          0  0  0   0  0   0  1  0  4  16 
Shea Weber               0  0  0   0  2   0  1  0  0  23 
Steve Sullivan           0  1  1   0  0   3  1  1  4  21 
Todd Bertuzzi            0  0  0   0  0   0  0  0  0  4  
Tomas Kaberle            0  0  0   0  2   1  3  1  0  24 
Vernon Fiddler           0  0  0   0  0   1  0  0  13 13 
Yanic Perreault          0  0  0   0  0   1  0  0  6  11 
Zbynek Michalek          0  0  0   0  4   0  0  0  0  16 

3 Stars

1 - Tomas Vokoun (NSH)
2 - Martin Gerber (TBL)
3 - Scott Hartnell (NSH)

Power Play

Lightning - 0 on 6 Attempt(s) - 0.00%
Predators - 1 on 6 Attempt(s) - 16.67%

Penalty Kill

Lightning - 5 on 6 Attempt(s) - 83.33% - Score 0 goal in Penalty Kill
Predators - 6 on 6 Attempt(s) - 100.00% - Score 0 goal in Penalty Kill

Game Notes

0:42 of 1st period - Penalty Shot by Steve Sullivan for Predators - Stopped by Martin Gerber
Alexandre Burrows and Nolan Pratt fight to a draw at 6:44 of 2nd period
Nolan Pratt ejected from game at 6:44 of 2nd period

Finance

Level 1 -- Attendance: 4666 (77.76%) -- Ticket Income $373,280.00
Level 2 -- Attendance: 4000 (90.99%) -- Ticket Income $208,000.00
Level 3 -- Attendance: 1737 (86.84%) -- Ticket Income $52,110.00
Level 4 -- Attendance: 3601 (90.01%) -- Ticket Income $72,020.00
Luxury Box -- Attendance: 893 (89.26%) -- Ticket Income $120,555.00
Game was played at the Gaylord Entertainment Center
Total Attendance: 14897 (87.05%)
Total Ticket Income: $846,320.80
Other Income: $152,037.60
Total Income: $998,359.00


Play by Play

Period #1

0:01 of 1st period - David Legwand wins face-off versus Antti Laaksonen in neutral zone.
0:14 of 1st period - Minor Penalty to Antti Laaksonen for Hooking.
0:15 of 1st period - Jaromir Jagr wins face-off versus Jeff Carter in neutral zone.
0:21 of 1st period - Icing by Steve Sullivan.
0:22 of 1st period - Jaromir Jagr wins face-off versus Jeff Carter in Predators zone.
0:39 of 1st period - Shot by Martin Erat.
0:39 of 1st period - Shot Misses the Net.
0:42 of 1st period - Minor Penalty to Jeff Carter for Tripping.
0:42 of 1st period - Minor Penalty to Chris Phillips for Tripping.
0:42 of 1st period - Penalty Shot by Steve Sullivan for Predators.
0:42 of 1st period - Stopped by Martin Gerber.
0:43 of 1st period - Jaromir Jagr wins face-off versus Steve Sullivan in Lightning zone.
0:55 of 1st period - Shot by Steve Sullivan.
0:55 of 1st period - Shot Misses the Net.
1:37 of 1st period - Icing by Brad Boyes.
1:38 of 1st period - Mats Sundin wins face-off versus Brad Boyes in Predators zone.
1:58 of 1st period - Mats Sundin is hit by Steve Sullivan and loses puck.
2:08 of 1st period - Minor Penalty to Derek Morris for Tripping.
2:09 of 1st period - Pierre Turgeon wins face-off versus Alexandre Burrows in Predators zone.
4:11 of 1st period - Icing by Vaclav Prospal.
4:12 of 1st period - David Legwand wins face-off versus Mats Sundin in Lightning zone.
4:15 of 1st period - Shot by David Legwand.
4:15 of 1st period - Stopped by Martin Gerber without a rebound.
4:16 of 1st period - Vernon Fiddler wins face-off versus Mats Sundin in Lightning zone.
4:24 of 1st period - Jaromir Jagr is hit by Derek Morris and loses puck.
4:28 of 1st period - Minor Penalty to Tomas Kaberle for Interference.
4:29 of 1st period - Mats Sundin wins face-off versus Scottie Upshall in Predators zone.
5:43 of 1st period - Shot by Dimitry Afanasenkov.
5:43 of 1st period - Shot Misses the Net.
5:45 of 1st period - Shot by Willie Mitchell.
5:45 of 1st period - Shot Misses the Net.
7:26 of 1st period - Tomas Kaberle is hit by Tim Taylor and loses puck.
8:34 of 1st period - Zbynek Michalek is hit by Mats Sundin and loses puck.
9:03 of 1st period - Minor Penalty to Ruslan Fedotenko for Boarding.
9:04 of 1st period - David Legwand wins face-off versus Pierre Turgeon in neutral zone.
10:14 of 1st period - Shot by Ryan Suter.
10:14 of 1st period - Stopped by Martin Gerber without a rebound.
10:15 of 1st period - Jaromir Jagr wins face-off versus Brad Boyes in Lightning zone.
10:43 of 1st period - Shot by Steve Sullivan.
10:43 of 1st period - Stopped by Martin Gerber without a rebound.
10:44 of 1st period - Jason Blake wins face-off versus David Legwand in Lightning zone.
10:51 of 1st period - Shot by Tomas Kaberle.
10:51 of 1st period - Shot Misses the Net.
10:59 of 1st period - Shot by Shea Weber.
10:59 of 1st period - Shot Misses the Net.
11:01 of 1st period - Shot by Paul Kariya.
11:01 of 1st period - Stopped by Martin Gerber without a rebound.
11:02 of 1st period - David Legwand wins face-off versus Jaromir Jagr in Lightning zone.
12:00 of 1st period - Off-side.
12:01 of 1st period - Jeff Carter wins face-off versus Pierre Turgeon in neutral zone.
12:10 of 1st period - Tom Poti is hit by Scott Hartnell and loses puck.
12:22 of 1st period - Icing by Tom Poti.
12:23 of 1st period - Pierre Turgeon wins face-off versus Yanic Perreault in Lightning zone.
12:27 of 1st period - Off-side.
12:28 of 1st period - Antti Laaksonen wins face-off versus Yanic Perreault in neutral zone.
14:04 of 1st period - Shot by Jaromir Jagr.
14:04 of 1st period - Shot Misses the Net.
14:06 of 1st period - Shot by Vaclav Prospal.
14:06 of 1st period - Stopped by Tomas Vokoun with a rebound.
14:08 of 1st period - Shot by Mats Sundin.
14:08 of 1st period - Shot Misses the Net.
14:12 of 1st period - Shot by Mats Sundin.
14:12 of 1st period - Shot Blocked by David Legwand.
14:16 of 1st period - Shot by Jaromir Jagr.
14:16 of 1st period - Stopped by Tomas Vokoun without a rebound.
14:17 of 1st period - Pierre Turgeon wins face-off versus Jeff Carter in Predators zone.
16:22 of 1st period - Icing by Zbynek Michalek.
16:23 of 1st period - Yanic Perreault wins face-off versus Tim Taylor in Predators zone.
16:50 of 1st period - Icing by Willie Mitchell.
16:51 of 1st period - Antti Laaksonen wins face-off versus David Legwand in Lightning zone.
16:53 of 1st period - Jason Blake is hit by Brad Boyes and loses puck.
17:08 of 1st period - Antti Laaksonen is hit by Brad Boyes and loses puck.
17:09 of 1st period - Minor Penalty to Paul Kariya for High sticking.
17:10 of 1st period - Vernon Fiddler wins face-off versus Mats Sundin in Lightning zone.
17:56 of 1st period - Off-side.
17:57 of 1st period - Pierre Turgeon wins face-off versus Vernon Fiddler in neutral zone.
18:52 of 1st period - Shot by Mats Sundin.
18:52 of 1st period - Shot Misses the Net.
19:34 of 1st period - Scott Hartnell is hit by Antti Laaksonen and loses puck.
19:52 of 1st period - David Legwand is hit by Cory Sarich and loses puck.
19:58 of 1st period - Minor Penalty to Cory Sarich for Interference.
19:59 of 1st period - David Legwand wins face-off versus Jason Blake in Lightning zone.

Period #2

0:01 of 2nd period - David Legwand wins face-off versus Jay Pandolfo in neutral zone.
0:21 of 2nd period - Icing by Scott Hartnell.
0:22 of 2nd period - Antti Laaksonen wins face-off versus David Legwand in Predators zone.
1:04 of 2nd period - Jeff Carter is hit by Ruslan Fedotenko and loses puck.
1:05 of 2nd period - Minor Penalty to Ruslan Fedotenko for Roughing.
1:06 of 2nd period - Jaromir Jagr wins face-off versus Jeff Carter in Predators zone.
2:03 of 2nd period - Shot by Scott Hartnell.
2:03 of 2nd period - Stopped by Martin Gerber without a rebound.
2:04 of 2nd period - Antti Laaksonen wins face-off versus David Legwand in Lightning zone.
2:19 of 2nd period - Willie Mitchell is hit by Paul Kariya and loses puck.
2:28 of 2nd period - Shot by Paul Kariya.
2:28 of 2nd period - Shot Misses the Net.
2:30 of 2nd period - Shot by Shea Weber.
2:30 of 2nd period - Shot Misses the Net.
2:32 of 2nd period - Shot by Tomas Kaberle.
2:32 of 2nd period - Shot Misses the Net.
2:45 of 2nd period - Icing by Jeff Carter.
2:46 of 2nd period - Jeff Carter wins face-off versus Antti Laaksonen in Predators zone.
3:53 of 2nd period - Vernon Fiddler is hit by Pierre Turgeon and loses puck.
4:31 of 2nd period - Shot by Mats Sundin.
4:31 of 2nd period - Shot Misses the Net.
4:41 of 2nd period - Shot by Steve Sullivan.
4:41 of 2nd period - Shot Misses the Net.
4:45 of 2nd period - Shot by Steve Sullivan.
4:45 of 2nd period - Stopped by Martin Gerber without a rebound.
4:46 of 2nd period - David Legwand wins face-off versus Antti Laaksonen in Lightning zone.
4:47 of 2nd period - Shot by Paul Kariya.
4:47 of 2nd period - Deflect By David Legwand.
4:47 of 2nd period - Stopped by Martin Gerber without a rebound.
4:48 of 2nd period - Antti Laaksonen wins face-off versus Yanic Perreault in Lightning zone.
5:38 of 2nd period - Ruslan Fedotenko is hit by Scott Hartnell and loses puck.
6:01 of 2nd period - Shot by Ryan Suter.
6:01 of 2nd period - Stopped by Martin Gerber without a rebound.
6:02 of 2nd period - Mats Sundin wins face-off versus Vernon Fiddler in Lightning zone.
6:44 of 2nd period - Alexandre Burrows and Nolan Pratt fight to a draw.
6:44 of 2nd period - Penalty to Alexandre Burrows for Fighting.
6:44 of 2nd period - Penalty to Nolan Pratt for Fighting.
6:44 of 2nd period - Penalty to Nolan Pratt for instigated a fight..
6:44 of 2nd period - Nolan Pratt is ejected from game.
6:45 of 2nd period - Jeff Carter wins face-off versus Jason Blake in Lightning zone.
7:18 of 2nd period - Shot by Jason Blake.
7:18 of 2nd period - Stopped by Tomas Vokoun without a rebound.
7:19 of 2nd period - David Legwand wins face-off versus Antti Laaksonen in Predators zone.
8:12 of 2nd period - Jason Blake is hit by Scott Hartnell and loses puck.
8:24 of 2nd period - Icing by Martin Erat.
8:25 of 2nd period - Antti Laaksonen wins face-off versus Jeff Carter in Predators zone.
8:55 of 2nd period - Scottie Upshall is hit by Mats Sundin and loses puck.
9:42 of 2nd period - Shot by Jay Pandolfo.
9:42 of 2nd period - Shot Misses the Net.
9:46 of 2nd period - Shot by Cory Sarich.
9:46 of 2nd period - Shot Misses the Net.
9:48 of 2nd period - Shot by Antti Laaksonen.
9:48 of 2nd period - Deflect By Ruslan Fedotenko.
9:48 of 2nd period - Stopped by Tomas Vokoun without a rebound.
9:49 of 2nd period - Pierre Turgeon wins face-off versus Jeff Carter in Predators zone.
9:49 of 2nd period - Tom Poti is hit by Shea Weber and loses puck.
10:12 of 2nd period - Shot by Pierre Turgeon.
10:12 of 2nd period - Shot Misses the Net.
11:00 of 2nd period - Minor Penalty to Mats Sundin for Holding.
11:01 of 2nd period - David Legwand wins face-off versus Jaromir Jagr in Predators zone.
11:56 of 2nd period - Shot by Scott Hartnell.
11:56 of 2nd period - Goal by Scott Hartnell - Lightning : 0 - Predators : 1.
11:57 of 2nd period - Mats Sundin wins face-off versus Yanic Perreault in neutral zone.
12:22 of 2nd period - Shot by Yanic Perreault.
12:22 of 2nd period - Stopped by Martin Gerber without a rebound.
12:23 of 2nd period - Vernon Fiddler wins face-off versus Antti Laaksonen in Lightning zone.
12:26 of 2nd period - Shot by Vernon Fiddler.
12:26 of 2nd period - Shot Misses the Net.
12:29 of 2nd period - Icing by Cory Sarich.
12:30 of 2nd period - Vernon Fiddler wins face-off versus Antti Laaksonen in Lightning zone.
12:35 of 2nd period - Shot by Tomas Kaberle.
12:35 of 2nd period - Shot Blocked by Carlo Colaiacovo.
12:39 of 2nd period - Shot by Alexandre Burrows.
12:39 of 2nd period - Shot Blocked by Cory Sarich.
12:41 of 2nd period - Shot by Alexandre Burrows.
12:41 of 2nd period - Stopped by Martin Gerber without a rebound.
12:42 of 2nd period - David Legwand wins face-off versus Antti Laaksonen in Lightning zone.
12:49 of 2nd period - David Legwand is hit by Jason Blake and loses puck.
13:05 of 2nd period - Paul Kariya is hit by Tom Poti and loses puck.
13:09 of 2nd period - Icing by Willie Mitchell.
13:10 of 2nd period - Antti Laaksonen wins face-off versus Jeff Carter in Lightning zone.
13:17 of 2nd period - Shot by Tim Taylor.
13:17 of 2nd period - Stopped by Tomas Vokoun without a rebound.
13:18 of 2nd period - Jaromir Jagr wins face-off versus Yanic Perreault in Predators zone.
13:30 of 2nd period - Jaromir Jagr is hit by Braydon Coburn and loses puck.
13:34 of 2nd period - Minor Penalty to Zbynek Michalek for Hooking.
13:35 of 2nd period - Mats Sundin wins face-off versus Vernon Fiddler in Predators zone.
13:40 of 2nd period - Shot by Chris Phillips.
13:40 of 2nd period - Stopped by Tomas Vokoun without a rebound.
13:41 of 2nd period - Mats Sundin wins face-off versus Vernon Fiddler in Predators zone.
15:45 of 2nd period - Shot by Jaromir Jagr.
15:45 of 2nd period - Shot Misses the Net.
17:34 of 2nd period - Tom Poti is hit by Tomas Kaberle and loses puck.
17:40 of 2nd period - Off-side.
17:41 of 2nd period - Jeff Carter wins face-off versus Mats Sundin in neutral zone.
17:47 of 2nd period - Icing by Jaromir Jagr.
17:48 of 2nd period - Mats Sundin wins face-off versus Vernon Fiddler in Lightning zone.
17:48 of 2nd period - Jaromir Jagr is hit by Alexandre Burrows and loses puck.
19:45 of 2nd period - Shot by Jay Pandolfo.
19:45 of 2nd period - Shot Hit the Post.

Period #3

0:01 of 3rd period - Antti Laaksonen wins face-off versus Scottie Upshall in neutral zone.
0:16 of 3rd period - Shot by Carlo Colaiacovo.
0:16 of 3rd period - Stopped by Tomas Vokoun without a rebound.
0:17 of 3rd period - Alexandre Burrows wins face-off versus Antti Laaksonen in Predators zone.
0:23 of 3rd period - Minor Penalty to Willie Mitchell for Tripping.
0:24 of 3rd period - Antti Laaksonen wins face-off versus David Legwand in Lightning zone.
0:59 of 3rd period - Shot by Tomas Kaberle.
0:59 of 3rd period - Stopped by Martin Gerber without a rebound.
1:00 of 3rd period - Jeff Carter wins face-off versus Jaromir Jagr in Lightning zone.
1:25 of 3rd period - Shot by Martin Erat.
1:25 of 3rd period - Stopped by Martin Gerber without a rebound.
1:26 of 3rd period - David Legwand wins face-off versus Antti Laaksonen in Lightning zone.
1:37 of 3rd period - Shot by Tomas Kaberle.
1:37 of 3rd period - Shot Misses the Net.
1:39 of 3rd period - Shot by Shea Weber.
1:39 of 3rd period - Shot Misses the Net.
2:33 of 3rd period - Shot by Paul Kariya.
2:33 of 3rd period - Stopped by Martin Gerber without a rebound.
2:34 of 3rd period - David Legwand wins face-off versus Antti Laaksonen in Lightning zone.
2:37 of 3rd period - Shot by Paul Kariya.
2:37 of 3rd period - Shot Misses the Net.
2:57 of 3rd period - Shot by Jason Blake.
2:57 of 3rd period - Deflect By Tim Taylor.
2:57 of 3rd period - Shot Misses the Net.
3:50 of 3rd period - Off-side.
3:51 of 3rd period - Pierre Turgeon wins face-off versus Vernon Fiddler in neutral zone.
4:46 of 3rd period - Martin Erat is hit by Eric Lindros and loses puck.
5:17 of 3rd period - Off-side.
5:18 of 3rd period - David Legwand wins face-off versus Jaromir Jagr in neutral zone.
5:59 of 3rd period - Shot by Martin Erat.
5:59 of 3rd period - Stopped by Martin Gerber with a rebound.
6:03 of 3rd period - Shot by Vernon Fiddler.
6:03 of 3rd period - Shot Misses the Net.
6:05 of 3rd period - Shot by Alexandre Burrows.
6:05 of 3rd period - Stopped by Martin Gerber without a rebound.
6:06 of 3rd period - Steve Sullivan wins face-off versus Antti Laaksonen in Lightning zone.
6:35 of 3rd period - Shot by Brad Boyes.
6:35 of 3rd period - Shot Blocked by Cory Sarich.
6:55 of 3rd period - Jason Blake is hit by David Legwand and loses puck.
7:26 of 3rd period - Shot by Vernon Fiddler.
7:26 of 3rd period - Shot Misses the Net.
7:36 of 3rd period - Shot by Alexandre Burrows.
7:36 of 3rd period - Deflect By Scott Hartnell.
7:36 of 3rd period - Stopped by Martin Gerber without a rebound.
7:37 of 3rd period - Alexandre Burrows wins face-off versus Jaromir Jagr in Lightning zone.
7:40 of 3rd period - Shot by Steve Sullivan.
7:40 of 3rd period - Stopped by Martin Gerber without a rebound.
7:41 of 3rd period - Brad Boyes wins face-off versus Jaromir Jagr in Lightning zone.
9:06 of 3rd period - Shot by Vernon Fiddler.
9:06 of 3rd period - Stopped by Martin Gerber without a rebound.
9:07 of 3rd period - Scott Hartnell wins face-off versus Dimitry Afanasenkov in Lightning zone.
9:11 of 3rd period - Brad Boyes is hit by Jay Pandolfo and loses puck.
9:23 of 3rd period - Off-side.
9:24 of 3rd period - Vernon Fiddler wins face-off versus Mats Sundin in neutral zone.
9:29 of 3rd period - Shot by Martin Erat.
9:29 of 3rd period - Shot Blocked by Carlo Colaiacovo.
9:33 of 3rd period - Shot by Tomas Kaberle.
9:33 of 3rd period - Shot Misses the Net.
9:39 of 3rd period - Shot by Vernon Fiddler.
9:39 of 3rd period - Shot Blocked by Jay Pandolfo.
9:43 of 3rd period - Shot by Scott Hartnell.
9:43 of 3rd period - Deflect By Martin Erat.
9:43 of 3rd period - Stopped by Martin Gerber without a rebound.
9:44 of 3rd period - Mats Sundin wins face-off versus David Legwand in Lightning zone.
10:36 of 3rd period - Off-side.
10:37 of 3rd period - Scott Hartnell wins face-off versus Antti Laaksonen in neutral zone.
10:49 of 3rd period - Off-side.
10:50 of 3rd period - Pierre Turgeon wins face-off versus David Legwand in neutral zone.
12:40 of 3rd period - Minor Penalty to Zbynek Michalek for Hooking.
12:41 of 3rd period - Vernon Fiddler wins face-off versus Mats Sundin in Predators zone.
13:33 of 3rd period - Jaromir Jagr is hit by Tomas Kaberle.
13:57 of 3rd period - Chris Phillips is hit by Scottie Upshall and loses puck.
14:51 of 3rd period - Shot by Jason Blake.
14:51 of 3rd period - Shot Misses the Net.
14:53 of 3rd period - Shot by Tom Poti.
14:53 of 3rd period - Stopped by Tomas Vokoun with a rebound.
14:57 of 3rd period - Shot by Jason Blake.
14:57 of 3rd period - Shot Misses the Net.
14:59 of 3rd period - Shot by Antti Laaksonen.
14:59 of 3rd period - Stopped by Tomas Vokoun with a rebound.
15:01 of 3rd period - Shot by Antti Laaksonen.
15:01 of 3rd period - Shot Misses the Net.
15:05 of 3rd period - Shot by Tim Taylor.
15:05 of 3rd period - Stopped by Tomas Vokoun with a rebound.
15:26 of 3rd period - Shot by Carlo Colaiacovo.
15:26 of 3rd period - Shot Blocked by Tomas Kaberle.
15:30 of 3rd period - Shot by Mats Sundin.
15:30 of 3rd period - Deflect By Dimitry Afanasenkov.
15:30 of 3rd period - Stopped by Tomas Vokoun without a rebound.
15:31 of 3rd period - Jaromir Jagr wins face-off versus Steve Sullivan in Predators zone.
15:40 of 3rd period - Shot by Dimitry Afanasenkov.
15:40 of 3rd period - Deflect By Jaromir Jagr.
15:40 of 3rd period - Shot Misses the Net.
15:42 of 3rd period - Shot by Willie Mitchell.
15:42 of 3rd period - Shot Hit the Post.
15:46 of 3rd period - Shot by Jaromir Jagr.
15:46 of 3rd period - Shot Misses the Net.
16:36 of 3rd period - Shot by David Legwand.
16:36 of 3rd period - Stopped by Martin Gerber without a rebound.
16:37 of 3rd period - David Legwand wins face-off versus Pierre Turgeon in Lightning zone.
16:47 of 3rd period - Off-side.
16:48 of 3rd period - David Legwand wins face-off versus Antti Laaksonen in neutral zone.
17:51 of 3rd period - Shot by Mats Sundin.
17:51 of 3rd period - Shot Misses the Net.
17:53 of 3rd period - Shot by Chris Phillips.
17:53 of 3rd period - Shot Misses the Net.
18:02 of 3rd period - Icing by Zbynek Michalek.
18:03 of 3rd period - Brad Boyes wins face-off versus Pierre Turgeon in Predators zone.
18:17 of 3rd period - Cory Sarich is hit by Tomas Kaberle and loses puck.
18:23 of 3rd period - Minor Penalty to Shea Weber for Tripping.
18:24 of 3rd period - Jaromir Jagr wins face-off versus Scottie Upshall in Predators zone.
18:25 of 3rd period - Shot by Chris Phillips.
18:25 of 3rd period - Shot Misses the Net.
18:27 of 3rd period - Shot by Jaromir Jagr.
18:27 of 3rd period - Shot Misses the Net.
18:31 of 3rd period - Shot by Vaclav Prospal.
18:31 of 3rd period - Stopped by Tomas Vokoun without a rebound.
18:32 of 3rd period - Antti Laaksonen wins face-off versus Scottie Upshall in Predators zone.
18:41 of 3rd period - Shot by Carlo Colaiacovo.
18:41 of 3rd period - Shot Misses the Net.
18:56 of 3rd period - Off-side.
18:57 of 3rd period - Mats Sundin wins face-off versus Vernon Fiddler in neutral zone.
19:00 of 3rd period - Lightning, Martin Gerber is pulled from the net.
19:22 of 3rd period - Shot by Tom Poti.
19:22 of 3rd period - Shot Misses the Net.
19:24 of 3rd period - Shot by Mats Sundin.
19:24 of 3rd period - Shot Misses the Net.
19:42 of 3rd period - Shot by Carlo Colaiacovo.
19:42 of 3rd period - Shot Misses the Net.
19:44 of 3rd period - Shot by Vaclav Prospal.
19:44 of 3rd period - Shot Blocked by Steve Sullivan.
19:46 of 3rd period - Shot by Jaromir Jagr.
19:46 of 3rd period - Stopped by Tomas Vokoun without a rebound.
19:47 of 3rd period - Steve Sullivan wins face-off versus Antti Laaksonen in Predators zone.


Output by the SimonT Hockey Simulator (STHS) for Stephane Roy -- Original Page W3C XHTML 1.0 Valid